 Dungeon Crawl Stone Soup version 0.26-a0-774-g1415c89e12 (webtiles) character file.

Game seed: 1797350174610763531

210 Kinoniko the Skirmisher (level 5, -3/47 HPs)
             Began as a Draconian Monk on Nov 9, 2020.
             Slain by Edmund
             ... wielding a +2 flail of holy wrath
              (6 damage)
             ... on level 4 of the Dungeon.
             The game lasted 00:03:00 (2790 turns).

Kinoniko the Skirmisher (Draconian Monk)            Turns: 2790, Time: 00:03:00

Health: -3/47      AC:  5    Str: 14    XL:     5   Next: 56%
Magic:  5/5        EV: 13    Int: 11    God:
Gold:   99         SH:  0    Dex: 13    Spells: 4/4 levels left

rFire    . . .     SeeInvis .   b - +2 whip (flame)
rCold    . . .     Faith    .   (no shield)
rNeg     . . .     Spirit   .   (armour unavailable)
rPois    .         Reflect  .   (helmet restricted)
rElec    .         Harm     .   (no cloak)
rCorr    .         Rampage  .   (no gloves)
MR       .....                  (no boots)
Stlth    ++........             (no amulet)
HPRegen  0.15/turn              (no ring)
MPRegen  0.09/turn              (no ring)

@: lethally poisoned (-3 -> -13)
A: unfitting armour, cold-blooded, AC +5
a: no special abilities


You were on level 4 of the Dungeon.
You visited 1 branch of the dungeon, and saw 4 of its levels.

You collected 99 gold pieces.

Inventory:

Hand Weapons
 a - a +0 hand axe
 b - a +2 whip of flaming (weapon)
Jewellery
 h - an uncursed ring of protection from magic {unknown}
 j - a +6 ring of intelligence {unknown}
Scrolls
 d - a scroll of noise
Potions
 c - a potion of curing {unknown}
 e - a potion of cancellation {unknown}


   Skills:
 + Level 4.4 Fighting
 - Level 4.3(4.5) Axes
 * Level 2.1(3.5) Maces & Flails
 + Level 3.6 Dodging
 - Level 1.7 Stealth


You had 4 spell levels left.
You didn't know any spells.
Your spell library was empty.

Dungeon Overview and Level Annotations

Branches:
Dungeon (4/15)
 Temple: D:4-7

Altars:
Uskayaw

Annotations:
D:3 Sigmund
D:4 Edmund


Innate Abilities, Weirdness & Mutations

Your plain brown scales are hard. (AC +5)
You cannot fit into any form of body armour.
You are cold-blooded and may be slowed by cold attacks.


Message History

* * * LOW HITPOINT WARNING * * *
Edmund hits you with a +2 flail of holy wrath!
* * * LOW HITPOINT WARNING * * *
You hit Edmund but do no damage.
Edmund is heavily wounded.
The worker ant barely misses you. Edmund closely misses you.
You hit Edmund but do no damage.
Your tail-slap misses Edmund.
Edmund is heavily wounded.
You feel sick. The worker ant bites you.
* * * LOW HITPOINT WARNING * * *
The worker ant bites you.
* * * LOW HITPOINT WARNING * * *
You are lethally poisoned!
The worker ant poisons you!
You hit Edmund. You burn Edmund.
Your tail-slap misses Edmund.
Edmund is heavily wounded.
* * * LOW HITPOINT WARNING * * *
You feel sick.
Edmund hits you with a +2 flail of holy wrath.
You die...

,,,,,,*,****,,,,,,,##.....#
#. ,,,,,,,,,*
#......,#......# #.
,,,,,,,,,* #......,#.....##
#. ,,,,,,,,,*
#.....#*#.....# #.
,,,,,,,,,**#.....# #†....###
#.
,,,**,,,,,*#.....###.......#
#.
,,,**,,,,^*#...............#
#.
,,,**,,,,,,#.....B.........#
##
,,,**,,,,*,#....@@.........#
**********,#.#.............#
*,,,##......#######
*******,,*#......####
*,,,,,,,>*#.........#
*,,,,,,,,*#.........#
*,,,,,,,,##.........#
*,,,,,,,,#....#######
*,,,,,,,,#....#


You could see Edmund (strong) and a worker ant.

Vanquished Creatures
  A scorpion (D:4)
  A bullfrog skeleton (D:4)
  Jessica (D:2)
  Terence (D:2)
  A worker ant (D:4)
  An adder (D:2)
  An adder skeleton (D:4)
  2 worms
  2 leopard geckos
  4 giant cockroaches
  4 goblins
  4 hobgoblins
  6 bats
  A frilled lizard (D:1)
  7 kobolds
  A quokka skeleton (D:4)
  A rat (D:2)
39 creatures vanquished.

Notes
Turn   | Place    | Note
-------+----------+-------------------------------------------
     0 | D:1      | Kinoniko the Draconian Monk began the quest for the Orb.
     0 | D:1      | Reached XP level 1. HP: 19/19 MP: 1/1
   302 | D:1      | Reached XP level 2. HP: 15/26 MP: 2/2
  1021 | D:2      | Reached XP level 3. HP: 26/31 MP: 3/3
  1139 | D:2      | Found a hide-covered altar of Uskayaw.
  1142 | D:2      | Noticed a +0 dagger
  1142 | D:2      | Noticed a +0 dagger
  1552 | D:2      | Noticed Jessica
  1559 | D:2      | Killed Jessica
  1561 | D:2      | Noticed Terence
  1586 | D:2      | Killed Terence
  1586 | D:2      | Reached XP level 4. HP: 40/40 MP: 4/4
  2259 | D:3      | Noticed Sigmund
  2385 | D:3      | You fall into a shaft and drop 1 floor!
  2394 | D:4      | Reached skill level 1 in Maces & Flails
  2404 | D:4      | Reached XP level 5. HP: 38/47 MP: 5/5
  2671 | D:4      | Noticed Edmund
  2790 | D:4      | Slain by Edmund

Illustrated notes

Levels and vault maps discovered:
D:1:      saegor_arrival_simple_c, layout_loops_ring, hangedman_decor_riveting,
          hangedman_abyss_or_decor_lesser_grid
D:2:      layout_basic, dancing_weapons_uskayaw, uniq_terence, uniq_jessica
D:3:      layout_basic, lemuel_coloured_pillars_altar, tgw_trog,
          elyvilon_altar_5, uniq_sigmund
D:4:      layout_basic, overflow_temple_1_default, uniq_edmund, uniq_ijyb

Skill      XL: |  1  2  3  4  5 |
---------------+----------------+-----
Dodging        | 3 |  3.6
Axes           | 4 |  4.3
Fighting       | 4 |  4.4
Maces & Flails | 1 2 |  2.1
Stealth        | |  1.7

Action                   |  1- 3 |  4- 6 || total
-------------------------+-------+-------++-------
Melee: Hand axe          |   114 |    14 ||   128
       Tailslap          |    12 |    12 ||    24
       Whip              |       |    47 ||    47
  Use: Potion            |     2 |       ||     2
       Scroll            |       |     5 ||     5
 Stab: Sleeping          |     3 |       ||     3
Armor: Skin              |    27 |    17 ||    44
Dodge: Dodged            |    79 |    36 ||   115

Table legend: (Time is in decaauts)
 A = Elapsed time spent in this place.
 B = Non-inter-level travel time spent in this place.
 C = Inter-level travel time spent in this place.
 D = Time resting spent in this place.
 E = Time spent auto-exploring this place.
 F = Levels seen in this place.
 G = Mean time per level.
                   A        B        C        D        E       F      G
               +--------+--------+--------+--------+--------+-----+--------+
         Total |   2802 |   2732 |     70 |    735 |   1473 |   4 |  700.5 |
       Dungeon |   2802 |   2732 |     70 |    735 |   1473 |   4 |  700.5 |
               +--------+--------+--------+--------+--------+-----+--------+

Top non-repeatable levels by time:
     D:2: 1411 daAuts
     D:1: 943 daAuts
     D:4: 401 daAuts
     D:3: 45 daAuts
